 Dungeon Crawl Stone Soup version 0.28.0-62-gf88900778d (webtiles) character file.

Game seed: 6398203765619431615

1280 cbfl8 the Cudgeller (level 8, -1/50 HPs)
             Began as a Gargoyle Berserker on July 6, 2023.
             Was a Believer of Trog.
             Slain by a thrashing horror (6 damage)
             ... on level 1 of the Abyss.
             The game lasted 00:05:42 (5556 turns).

cbfl8 the Cudgeller (Gargoyle Berserker)            Turns: 5556, Time: 00:05:43

Health: -1/50      AC: 16    Str: 22    XL:     8   Next: 54%
Magic:  8/8        EV: 13    Int:  7    God:    Trog [**....]
Gold:   327        SH:  0    Dex: 11    Spells: 7/7 levels left

rFire   . . .      SeeInvis .   a - +1 mace
rCold   . . .      Faith    .   (no shield)
rNeg    + . .      Spirit   .   v - +0 chain mail
rPois   ∞          Reflect  .   q - +0 helmet
rElec   +          Harm     .   (no cloak)
rCorr   .          Rampage  .   (no gloves)
Will    +....                   (no boots)
Stlth   ..........              s - amulet of regeneration
HPRegen 0.96/turn               t - +4 ring of evasion
MPRegen 0.11/turn               i - ring of willpower

@: about to teleport, on berserk cooldown, slowed, very slow
A: sickness immunity, AC +5, negative energy resistance 1, electricity
resistance, torment resistance 1, petrification resistance
a: Renounce Religion, Berserk, Trog's Hand


You were on level 1 of the Abyss.
You worshipped Trog.
Trog was pleased with you.
You visited 1 branch of the dungeon, and saw 5 of its levels.
You visited the Abyss 1 time.

You collected 327 gold pieces.

Inventory:

Hand Weapons
 a - a +1 mace (weapon)
Missiles
 r - 2 throwing nets (quivered)
Armour
 q - a +0 helmet (worn)
 v - a +0 chain mail (worn)
Jewellery
 i - a ring of willpower (right hand)
 s - an amulet of regeneration (around neck)
 t - a +4 ring of evasion (left hand)
Scrolls
 b - a scroll of teleportation
 e - a scroll of fear {unknown}
 f - a scroll of enchant weapon
 g - a scroll of magic mapping {unknown}
 h - 2 scrolls of amnesia
 j - a scroll of identify
 l - a scroll of torment {unknown}
 m - 2 scrolls of enchant armour {unknown}
 n - a scroll of fog {unknown}
 w - a scroll of vulnerability {unknown}
 x - a scroll of blinking {unknown}
Potions
 c - a potion of invisibility {unknown}
 d - 2 potions of haste {unknown}
 k - 4 potions of curing {unknown}
 o - a potion of flight {unknown}
 p - a potion of degeneration {unknown}
 u - a potion of cancellation {unknown}


   Skills:
 + Level 5.5 Fighting
 + Level 6.8 Maces & Flails
 + Level 5.0 Armour
 + Level 3.1 Dodging
 + Level 1.4 Stealth
 * Level 3.4 Evocations


You had 7 spell levels left.
You didn't know any spells.
Your spell library was empty.

Dungeon Overview and Level Annotations

Branches:
Dungeon (5/15)             Temple (0/1) D:4

Altars:


Innate Abilities, Weirdness & Mutations

You are immune to sickness and miasma.
Your stone body is resilient. (AC +5)
You are immune to poison.
You resist negative energy. (rN+)
You are resistant to electric shocks. (rElec)
You are resistant to unholy torment.
You are immune to petrification.


Message History

The thrashing horror roars!
You are no longer berserk.
You are exhausted.
You feel yourself slow down. The thrashing horror tramples you!
You stumble backwards!
Okay, then.
As you read the scroll labelled KANIR GEMNEFET, it crumbles to dust.
It is a scroll of identify.
h - 2 scrolls of amnesia The thrashing horror roars!
You hear a roar!
The thrashing horror barely misses you.
The thrashing horror tramples you but does no damage.
The thrashing horror tramples you!
You hold your ground!
The thrashing horror tramples you.
You hold your ground!
As you read the scroll labelled CEEMABU VUFEJEOH, it crumbles to dust.
You feel strangely unstable.
You feel the power of the Abyss delaying your translocation!
It was a scroll of teleportation.
The thrashing horror roars!
The thrashing horror closely misses you.
The thrashing horror barely misses you. x2; The thrashing horror tramples you.
You stumble backwards!
The thrashing horror roars!
The thrashing horror tramples you!
* * * LOW HITPOINT WARNING * * *
You stumble backwards!
The thrashing horror tramples you.
* * * LOW HITPOINT WARNING * * *
You stumble backwards!
The thrashing horror tramples you!
* * * LOW HITPOINT WARNING * * *
You hold your ground!
The thrashing horror tramples you but does no damage.
The thrashing horror completely misses you.
The thrashing horror tramples you.
* * * LOW HITPOINT WARNING * * *
You hold your ground!
There is a gateway leading deeper into the Abyss here.
The thrashing horror roars!
The thrashing horror tramples you.
You die...

.. .#. .#.. . ..#
..# ## .. ......
.....##. #. .
..#....#...##..###
. . .#..#. ......
..# . .#.....
#...#..#. ....
.##..#.# ..#..# .
.. .#.
#.§.###....# . ..
...#..###@#..#
#.##
.##.###...X...# #
. ## ..##.#..#####
..###....#....#
### ###...#....+
#####......#
###..#######
#.#.## #...#


You could see a thrashing horror.

Vanquished Creatures
  A smoke demon (Abyss:1)
  Grinder (D:5)
  3 ogres (D:5)
  A centaur (D:5)
  A phantom (D:5)
  A kobold brigand (D:4)
  Blork the orc (D:4)
  A scorpion (D:5)
  A howler monkey (D:4)
  4 hounds (D:4)
  A gnoll shaman (D:5)
  2 iguanas (D:4)
  2 orc wizards
  A hound skeleton (D:5)
  5 gnolls
  7 adders
  3 dart slugs
  7 orcs
  6 ball pythons
  4 bats
  7 endoplasms
  7 giant cockroaches
  7 goblins
  7 hobgoblins
  6 kobolds
  5 quokkas
  6 frilled lizards
  5 rats
103 creatures vanquished.

Notes
Turn   | Place    | Note
-------+----------+-------------------------------------------
     0 | D:1      | cbfl8 the Gargoyle Berserker began the quest for the Orb.
     0 | D:1      | Reached XP level 1. HP: 14/14 MP: 1/1
   177 | D:1      | Found a faded altar of an unknown god.
   352 | D:1      | Reached XP level 2. HP: 19/19 MP: 2/2
  1257 | D:2      | Reached XP level 3. HP: 24/24 MP: 3/3
  1315 | D:2      | Reached ** piety under Trog
  1680 | D:2      | Reached skill level 1 in Evocations
  2000 | D:2      | Reached XP level 4. HP: 29/29 MP: 4/4
  2905 | D:2      | Reached XP level 5. HP: 20/33 MP: 5/5
  3274 | D:3      | Reached skill level 1 in Stealth
  3348 | D:3      | Reached skill level 4 in Maces & Flails
  4116 | D:4      | Noticed a kobold brigand
  4125 | D:4      | Reached XP level 6. HP: 22/38 MP: 6/6
  4700 | D:4      | Reached XP level 7. HP: 44/44 MP: 7/7
  4720 | D:4      | Noticed Blork the orc
  4727 | D:4      | Killed Blork the orc
  4728 | D:4      | Reached skill level 5 in Maces & Flails
  4898 | D:4      | Found a staircase to the Ecumenical Temple.
  4973 | D:5      | Entered Level 5 of the Dungeon
  5078 | D:5      | Noticed Grinder
  5087 | D:5      | Paralysed by Grinder for 7 turns
  5096 | D:5      | Killed Grinder
  5195 | D:5      | Reached skill level 5 in Fighting
  5195 | D:5      | Reached skill level 6 in Maces & Flails
  5195 | D:5      | Reached XP level 8. HP: 49/49 MP: 8/8
  5492 | D:5      | Reached skill level 5 in Armour
  5495 | D:5      | Cast into level 1 of the Abyss (gnoll)
  5497 | Abyss:1  | Found a corrupted altar of Lugonu.
  5517 | Abyss:1  | Found a corrupted altar of Lugonu.
  5538 | Abyss:1  | Noticed a smoke demon
  5546 | Abyss:1  | Killed a smoke demon
  5548 | Abyss:1  | Noticed a thrashing horror
  5556 | Abyss:1  | Slain by a thrashing horror

Illustrated notes

Levels and vault maps discovered:
D:1:      lightli_arrival_lavapool, layout_rooms, ebering_ecumenical_altar_box
D:2:      layout_basic
D:3:      layout_basic, minmay_puff
D:4:      layout_loops_ring, minmay_temple_entry_nine_rooms, minmay_checkerbox,
          uniq_blork_the_orc
D:5:      layout_basic, uniq_grinder
Abyss:1:  base:
D:2

Skill      XL: |  1  2  3  4  5  6  7  8 |
---------------+-------------------------+-----
Dodging        | 2 3 |  3.1
Evocations     | 1 2 3 |  3.4
Fighting       | 4 5 |  5.5
Stealth        | 1 |  1.4
Armour         | 3 4 5 |  5.0
Maces & Flails | 4 6 |  6.8

Action                   |  1- 3 |  4- 6 |  7- 9 || total
-------------------------+-------+-------+-------++-------
Melee: Mace              |   140 |   174 |    95 ||   409
       Punch             |     2 |     3 |     1 ||     6
Invok: Berserk           |       |     4 |     4 ||     8
  Use: Scroll            |       |     1 |     2 ||     3
Armor: Animal skin       |    37 |       |       ||    37
       Ring mail         |    24 |   107 |     3 ||   134
       Chain mail        |       |       |    84 ||    84
Dodge: Dodged            |    93 |   103 |   106 ||   302
